 Dungeon Crawl Stone Soup version 0.32-a0-33-g74fbe469d6 (webtiles) character file.

Game seed: 11861699890817606068

56 innerfire43 the Grave Robber (level 3, 0/26 HPs)
             Began as a Demonspawn Wanderer on Jan 20, 2024.
             Slain by a ribbon worm (5 damage)
             ... on level 2 of the Dungeon.
             The game lasted 00:03:47 (1462 turns).

innerfire43 the Grave Robber (Demonspawn Wanderer)  Turns: 1462, Time: 00:03:47

Health: 0/26       AC:  5    Str: 13    XL:     3   Next: 69%
Magic:  7/7        EV: 12    Int: 15    God:
Gold:   48         SH:  0    Dex: 10    Spells: 7/8 levels left

rFire   . . .        a - +0 club
rCold   . . .        (no shield)
rNeg    . . .        c - +0 robe
rPois   .            j - +0 helmet
rElec   .            d - +0 cloak
rCorr   .            (no gloves)
SInv    .            (no boots)
Will    .....        (no amulet)
Stlth   ++           (no ring)
HPRegen 0.24/turn    (no ring)
MPRegen 0.20/turn

%: no passive effects
@: no status effects
A: magic regeneration, sharp scales 1
a: no special abilities


You were on level 2 of the Dungeon.
You visited 1 branch of the dungeon, and saw 2 of its levels.

You collected 48 gold pieces.

Inventory:

Hand Weapons
 a - a +0 club (weapon)
Armour
 c - a +0 robe (worn)
 d - a +0 cloak (worn)
 j - a +0 helmet (worn)
Jewellery
 k - a ring of flight
Scrolls
 b - a scroll of fog
 g - a scroll of identify {unknown}
 l - a scroll of fear {unknown}
Potions
 e - a potion of invisibility {unknown}
 f - a potion of curing {unknown}
 h - a potion of might {unknown}
 i - a potion of lignification {unknown}
 m - a potion of degeneration {unknown}
 n - a potion of mutation {unknown}


   Skills:
 + Level 1.1 Fighting
 + Level 1.6 Armour
 + Level 1.6 Dodging
 - Level 1.7 Stealth
 + Level 3.3 Spellcasting
 * Level 3.8 Necromancy


You had 7 spell levels left.
You knew the following spells:

 Your Spells              Type           Power      Damage    Failure   Level
a - Necrotise             Necr           56%        1d6       4%          1

Your spell library contained the following spells:

 Spells                   Type           Power      Damage    Failure   Level
 Freeze                   Ice            8%         1d3       21%         1
 Sting                    Conj/Alch      8%         1d3       21%         1
 Mercury Vapours          Alch/Air       4%         N/A       30%         2
 Dispel Undead            Necr           14%        3d10      36%         4
 Frozen Ramparts          Ice            4%         1d1       52%         3
 Anguish                  Hex/Necr       4%         N/A       65%         4
 Olgreb's Toxic Radiance  Alch           2%         N/A       89%         4


Dungeon Overview and Level Annotations

Branches:
Dungeon (2/15)

Altars:


Innate Abilities, Weirdness & Mutations

You regenerate magic rapidly.
You are partially covered in razor-sharp scales. (AC +1, Slay +1)


Message History

The ribbon worm expels a string of sticky webbing.
The stream of webbing hits you but does no damage.
You are caught in a web!
The ribbon worm expels a string of sticky webbing.
The stream of webbing misses you. The ribbon worm barely misses you.
The web tears apart.
The ribbon worm barely misses you.
You hit the ribbon worm but do no damage.
The ribbon worm misses you. x2
You hit the ribbon worm but do no damage.
Your punch misses the ribbon worm. The ribbon worm closely misses you.
The ribbon worm misses you.
You hit the ribbon worm but do no damage.
The ribbon worm bites you. The ribbon worm misses you.
You hit the ribbon worm.
The ribbon worm is lightly wounded.
The ribbon worm barely misses you. The ribbon worm misses you.
The ribbon worm bites you.
You hit the ribbon worm.
The ribbon worm is moderately wounded.
The ribbon worm misses you. The ribbon worm barely misses you.
You hit the ribbon worm.
The ribbon worm is moderately wounded.
The ribbon worm expels a string of sticky webbing.
The stream of webbing hits you but does no damage.
You are caught in a web!
The ribbon worm bites you.
The web tears apart.
The ribbon worm bites you.
Unknown command.
You barely miss the ribbon worm.
The ribbon worm is moderately wounded.
The ribbon worm bites you. x2
You hit the ribbon worm.
The ribbon worm is heavily wounded.
The ribbon worm expels a string of sticky webbing.
The stream of webbing misses you. The ribbon worm barely misses you.
You hit the ribbon worm.
The ribbon worm is severely wounded.
The ribbon worm bites you.
* * * LOW HITPOINT WARNING * * *
The ribbon worm bites you.
You die...

#.....#.####.<...
########..###.#........
..........###......>...
...................###
[.........#.....####
.............##.#
#.....#.##.###.##
#.#......#.# #..###
##.#.#......# ##@..#
.......#..### #ww.#
.#<#.###.).#####...#
.#...###.#.....#...#
..........####.#....
...#......##. .....#
.............# .....#
#............[.......
.....###...##...


You could see 2 ribbon worms.

Vanquished Creatures
  2 adders (D:2)
  2 dart slugs
  An endoplasm (D:1)
  A giant cockroach (D:1)
  3 hobgoblins (D:1)
  5 kobolds
  2 quokkas
  4 ball pythons (D:1)
  3 bats (D:1)
  2 frilled lizards (D:1)
  3 goblins (D:1)
  3 rats
31 creatures vanquished.

Vanquished Creatures (collateral kills)
  A ribbon worm (D:2)
1 creature vanquished.

Grand Total: 32 creatures vanquished

Notes
Turn   | Place    | Note
-------+----------+-------------------------------------------
     0 | D:1      | innerfire43 the Demonspawn Wanderer began the quest for the
                  | Orb.
     0 | D:1      | innerfire43 set off with the following items: a +0 club, a
                  | scroll of fog, a +0 robe, a +0 cloak; and the following
                  | spells available to memorise: Necrotise, Freeze, Dispel
                  | Undead, Frozen Ramparts, Anguish.
     0 | D:1      | Reached XP level 1. HP: 13/13 MP: 4/4
     2 | D:1      | Learned a level 1 spell: Necrotise
   241 | D:1      | Gained mutation: You are partially covered in razor-sharp
                  | scales. (AC +1, Slay +1) [demonic ancestry]
   241 | D:1      | Reached XP level 2. HP: 11/20 MP: 4/6
  1183 | D:2      | Reached skill level 1 in Fighting
  1183 | D:2      | Gained mutation: You regenerate magic rapidly. [demonic
                  | ancestry]
  1183 | D:2      | Reached XP level 3. HP: 26/26 MP: 0/7
  1462 | D:2      | Slain by a ribbon worm

Illustrated notes

Levels and vault maps discovered:
D:1:      dpeg_arrival_rooms_b, layout_basic, st_stairs_10,
          minmay_misc_feat_encased, minmay_tetromino_s2
D:2:      layout_rooms, basic_altar

Skill      XL: |  1  2 |
---------------+-------+-----
Fighting       | 1 |  1.1
Armour         | |  1.6
Dodging        | |  1.6
Stealth        | |  1.7
Spellcasting   | |  3.3
Necromancy     | |  3.8

Action                     || total
---------------------------++-------
  Melee: Club              ||   114
         Punch             ||     1
   Cast: Necrotise         ||    32
   Stab: Sleeping          ||     3
 Armour: Robe              ||   136
  Dodge: Dodged            ||   135

Table legend: (Time is in decaauts)
 A = Elapsed time spent in this place.
 B = Non-inter-level travel time spent in this place.
 C = Inter-level travel time spent in this place.
 D = Time resting spent in this place.
 E = Time spent auto-exploring this place.
 F = Levels seen in this place.
 G = Mean time per level.
                   A        B        C        D        E       F      G
               +--------+--------+--------+--------+--------+-----+--------+
         Total |   1495 |   1495 |      0 |      0 |   1165 |   2 |  747.5 |
       Dungeon |   1495 |   1495 |      0 |      0 |   1165 |   2 |  747.5 |
               +--------+--------+--------+--------+--------+-----+--------+

Top non-repeatable levels by time:
     D:1: 1173 daAuts
     D:2: 322 daAuts
